Map: Lerilak Crest

Players

Javert - Winner!

  • Race: Zerg Zerg
  • League: Grandmaster

Shasmo

  • Race: Zerg Zerg
  • League: Grandmaster

VOD

Have the link to the VOD?

Description

Time

  • Played on: Sept. 21, 2015, 10:43 p.m.
  • Length: 3:45
Show
View Real Time Build Order
Export as new Build Order

Javert Zerg - Winner!

Build Orders: Pool First 

Get SALT Encoding   

  12  0:01  Drone  
  13  0:13  Overlord  
  13  0:17  Drone  
  14  0:31  Drone x2  
  16  0:36  Drone  
  17  0:45  Spawning Pool  
  17  0:48  Drone  
  17  1:11  Drone  
  17  1:14  Hatchery, Extractor  
  16  1:18  Drone  
  16  1:24  Drone  
  18  1:33  Roach Warren  
  18  1:38  Overlord  
  17  1:48  Queen  
  19  2:15  Roach x3  
  25  2:28  Queen  
  27  2:30  Overlord  
  27  2:36  Roach  
  29  2:40  Drone x2  
  31  2:50  Drone x2  
  33  2:59  Drone x5  
  36  3:29  Drone x5  
Show
View Real Time Build Order
Export as new Build Order

Shasmo Zerg 

Build Orders: Hatch First 

Get SALT Encoding   

  12  0:03  Drone  
  13  0:13  Overlord  
  13  0:19  Drone  
  14  0:23  Drone, Extractor  
  15  0:36  Drone  
  15  0:37  Drone  
  17  0:58  Hatchery  
  16  1:05  Drone  
  16  1:06  Drone  
  16  1:08  Drone  
  19  1:11  Extractor  
  18  1:18  Drone  
  19  1:25  Spawning Pool  
  19  1:29  Drone  
  19  1:48  Drone  
  19  1:53  Overlord  
  20  2:12  Queen x2  
  20  2:14  Zergling x2  
  20  2:15  Zergling x2  
  26  2:17  Drone  
  26  2:22  Drone  
  28  2:24  Metabolic Boost  
  28  2:26  Drone  
  29  2:31  Drone  
  30  2:39  Overlord  
  30  2:47  Queen  
  30  2:48  Drone  
  30  2:49  Drone  
  34  2:55  Drone x2  
  34  3:14  Zergling x6  
  34  3:19  Drone  
Tags
 
Add a new tag
Caveats
  • Supply blocks, unpowered buildings, or Contaminate may cause inaccurate times.
  • Supply counts are checked every 10 seconds.